 Dungeon Crawl Stone Soup version 0.13.0-9-gbc74161 (webtiles) character file.

6151 Malachi the Basher (level 10, -3/98 HPs)
             Began as an Ogre Hunter on Oct 17, 2013.
             Was a Priest of Okawaru.
             Slain by an unseen horror (6 damage)
             ... on Level 9 of the Dungeon.
             The game lasted 00:28:40 (9406 turns).

Malachi the Basher (Ogre Hunter)                    Turns: 9406, Time: 00:28:40

HP  -3/98        AC  4     Str 33      XL: 10   Next: 74%
MP   9/9         EV 13     Int 10      God: Okawaru [***...]
Gold 503         SH  0     Dex 10      Spells:  0 memorised,  9 levels left

Res.Fire  : . . .   See Invis. : .   y - +1,+2 giant spiked club
Res.Cold  : . . .   Warding    : .   d - +1 animal skin (curse)
Life Prot.: . . .   Conserve   : .   (shield restricted)
Res.Poison: .       Res.Corr.  : .   (helmet restricted)
Res.Elec. : .       Clarity    : .   (no cloak)
Sust.Abil.: . .     Spirit.Shd : .   (gloves unavailable)
Res.Mut.  : .       Stasis     : .   (boots unavailable)
Res.Rott. : .       Flight     : .   (no amulet)
Saprovore : + . .                    u - +6 ring of strength
                                     N - +5 ring of strength

@: somewhat resistant to hostile enchantments, unstealthy
A: unfitting armour, fast metabolism 1, saprovore 1, tough skin 1
a: Heroism, Renounce Religion


You were on level 9 of the Dungeon.
You worshipped Okawaru.
Okawaru was most pleased with you.
You were not hungry.

You visited 2 branches of the dungeon, and saw 10 of its levels.
You also visited: Bailey.

You collected 483 gold pieces.

Inventory:

Hand weapons
 a - a +1,+1 club {=f}
 h - a +0,+0 mace
 s - a +4,+0 elven whip of venom
 y - a +1,+2 giant spiked club (weapon)
Missiles
 c - a throwing net [falling apart]
 g - a throwing net [frayed]
 w - 2 large rocks (quivered)
Armour
 d - a cursed +1 animal skin (worn)
Magical devices
 v - a wand of slowing (22)
 I - a wand of cold (0)
Comestibles
 b - a snozzcumber
 f - 4 meat rations
 j - a sausage
 k - 4 bread rations
 m - 2 chokos
 z - 4 apples
 F - an orange
 H - 2 pears
Scrolls
 i - 5 scrolls of remove curse
 n - a scroll of blinking
 p - 4 scrolls of teleportation
 r - 5 scrolls of recharging
Jewellery
 q - a +2 ring of protection
 t - a +2 ring of dexterity
 u - a +6 ring of strength (right hand)
 x - an uncursed ring of flight
 C - an uncursed ring of protection from fire {unknown}
 D - an uncursed ring of regeneration
 N - a +5 ring of strength (left hand)
Potions
 e - a potion of agility {unknown}
 o - 2 potions of might
 A - 7 potions of curing
 B - a potion of berserk rage
 E - 2 potions of magic
 J - a potion of resistance {unknown}
 K - a potion of experience {unknown}
 O - a potion of brilliance {unknown}
Books
 l - a book of Minor Magic

   Spells                             Type                      Level
   Magic Dart                         Conjuration                  1
   Blink                              Translocation                2
   Call Imp                           Summoning                    2
   Repel Missiles                     Charms/Air                   2
   Slow                               Hexes                        2
   Conjure Flame                      Conjuration/Fire             3
   Mephitic Cloud                     Conjuration/Poison/Air       3


   Skills:
 + Level 8.6 Fighting
 * Level 11.4 Maces & Flails
 - Level 7.1 Throwing
 + Level 9.5 Dodging
 - Level 0.7 Stealth
 + Level 0.2 Invocations
 + Level 0.1 Evocations


You had 9 spell levels left.
You didn't know any spells.

Dungeon Overview and Level Annotations

Branches:
Dungeon (9/27)             Temple (1/1) D:6            Lair (0/8) D:9
    Orc: D:6-11

Altars:
Ashenzari
Cheibriados
Elyvilon
Fedhas
Kikubaaqudgha
Makhleb
Nemelex Xobeh
Okawaru
Vehumet
Xom
Zin
the Shining One

Shops:
D:7 (


Innate Abilities, Weirdness & Mutations

You are too large for most types of armour.
You have a fast metabolism.
You can tolerate rotten meat.
You have tough skin (AC +1).


Message History

Reactivating autopickup.
You feel a bit more experienced. It hits you but does no damage.
Deactivating autopickup; reactivate with Ctrl-A.
The giant frog hits you but does no damage.
It hits you!
* * * LOW HITPOINT WARNING * * *
Throwing (i - inventory. (,) - cycle):
w - 3 large rocks (quivered)
Press: ? - help, Shift-Dir - straight line
Aim: Disturbance (black smoke)
You throw a large rock. The large rock hits something.
It hits you.
* * * LOW HITPOINT WARNING * * *
The giant frog closely misses you. It hits you!
* * * LOW HITPOINT WARNING * * *
The giant frog hits you.
* * * LOW HITPOINT WARNING * * *
You puncture the giant frog!
You kill the giant frog!
Okawaru accepts your kill. It hits you.
You die...

.§§.≈§≈≈..........
..§≈≈.≈≈§≈.........
....§≈.§§§§.........#
......≈≈.§§≈.........#
......≈≈≈§≈≈..#<......
......§§§≈§..'#.####.
.......!.........#
.......§{##......#
.......%@####....#
........(# ##+#.#
.......(# .# .........
!. .......=# ###
.......# ......#
....(# .(#


There were no monsters in sight!

Vanquished Creatures
  A fire drake (D:9)
  The ghost of AndrewJacksonJihad the Prestidigitator, an experienced HaHu of Fedhas (D:7)
  3 yaks (D:8)
  A hill giant zombie (D:8)
  An orc warrior (D:7)
  A necrophage (D:7)
  A sky beast (D:6)
  A black bear (D:7)
  3 ice beasts
  5 ogres
  7 giant goldfish (D:7)
  2 centaurs
  6 giant frogs
  Blork the orc (D:9)
  6 killer bees (D:7)
  2 electric eels (D:7)
  3 jellyfish (D:7)
  8 crimson imps
  A goliath beetle (D:8)
  A big fish (D:7)
  8 hounds
  A giant frog skeleton (D:6)
  3 orc priests
  2 quasits (D:7)
  4 worker ants
  13 orc wizards
  An iguana (D:5)
  2 scorpions
  A sky beast zombie (D:7)
  Terence (D:3)
  13 gnolls (Bailey)
  A worm zombie (D:5)
  12 adders
  A giant mite (D:6)
  3 worms
  An adder zombie (D:8)
  A giant eyeball (D:8)
  6 giant geckos
  An ooze (D:3)
  43 orcs
  10 bats
  A bat skeleton (D:4)
  7 giant cockroaches
  28 goblins
  11 hobgoblins
  4 jackals
  3 quokkas
  2 ball pythons
  5 giant newts
  A goblin zombie (D:5)
  22 kobolds
  A quokka zombie (D:8)
  18 rats
286 creatures vanquished.

Notes
Turn   | Place    | Note
--------------------------------------------------------------
     0 | D:1      | Malachi, the Ogre Hunter, began the quest for the Orb.
     0 | D:1      | Reached XP level 1. HP: 20/20 MP: 0/0
   210 | D:1      | Reached XP level 2. HP: 23/28 MP: 1/1
   350 | D:1      | Found a shimmering altar of Xom.
   893 | D:1      | Reached skill level 5 in Throwing
  1127 | D:2      | Reached XP level 3. HP: 19/36 MP: 2/2
  1191 | D:2      | HP: 1/36 [poisoned by an adder]
  1633 | D:2      | Reached XP level 4. HP: 40/44 MP: 3/3
  2178 | D:2      | Found a shattered altar of Ashenzari.
  2487 | D:3      | Noticed an ogre
  2492 | D:3      | Killed an ogre
  2492 | D:3      | Reached XP level 5. HP: 52/52 MP: 4/4
  2500 | D:3      | Noticed Terence
  2511 | D:3      | Killed Terence
  2515 | D:3      | Found a white marble altar of Elyvilon.
  2562 | D:3      | Reached XP level 6. HP: 32/61 MP: 5/5
  3141 | D:3      | Found a snail-covered altar of Cheibriados.
  3240 | D:4      | Reached skill level 6 in Throwing
  3817 | D:4      | Reached XP level 7. HP: 67/67 MP: 6/6
  4100 | D:5      | Entered Level 5 of the Dungeon
  4112 | D:5      | Found a white marble altar of Elyvilon.
  4281 | D:5      | Reached skill level 5 in Dodging
  4437 | D:5      | Reached XP level 8. HP: 71/76 MP: 7/7
  4822 | D:6      | Reached skill level 5 in Maces & Flails
  4822 | D:6      | Reached skill level 7 in Throwing
  4823 | D:6      | Reached skill level 5 in Fighting
  5001 | D:6      | Found a staircase to the Ecumenical Temple.
  5015 | Temple   | Entered the Ecumenical Temple
  5155 | Temple   | Became a worshipper of Warmaster Okawaru
  6051 | D:7      | Acquired Okawaru's first power
  6051 | D:7      | Reached XP level 9. HP: 85/85 MP: 8/8
  6242 | D:7      | Paralysed by a potion of paralysis for 5 turns
  6475 | D:7      | Noticed AndrewJacksonJihad's ghost (experienced HaHu)
  6506 | D:7      | Reached skill level 8 in Maces & Flails
  6699 | D:7      | Found a flagged portal.
  6704 | Bailey   | Entered a bailey
  6946 | Bailey   | Noticed an orc knight
  7541 | D:7      | Killed AndrewJacksonJihad's ghost
  7541 | D:7      | Reached skill level 9 in Maces & Flails
  7542 | D:7      | Reached XP level 10. HP: 56/97 MP: 9/9
  7830 | D:7      | Found Yciapnue's Antique Weapon Boutique.
  7966 | D:7      | Reached skill level 10 in Maces & Flails
  8616 | D:8      | Paralysed by a giant eyeball for 2 turns
  8765 | D:8      | Reached skill level 11 in Maces & Flails
  9104 | D:9      | Found a staircase to the Lair.
  9394 | D:9      | Noticed Blork the orc
  9404 | D:9      | Killed Blork the orc
  9405 | D:9      | HP: 4/98 [something (12)]
  9406 | D:9      | Slain by an unseen horror

Action                   |  1- 3 |  4- 6 |  7- 9 | 10-12 || total
-------------------------+-------+-------+-------+-------++-------
Melee: Club              |    51 |       |       |       ||    51
       Whip              |    48 |    95 |       |       ||   143
       Giant spiked club |       |    65 |   222 |   137 ||   424
Throw: Large rock        |     6 |    28 |    96 |    21 ||   151
       Throwing net      |       |       |     1 |     1 ||     2
Invok: Heroism           |       |       |     1 |       ||     1
Evoke: Wand              |       |     2 |       |     1 ||     3
  Use: Potion            |     4 |     1 |     4 |     2 ||    11
       Scroll            |       |     9 |     3 |     8 ||    20
 Stab: Sleeping          |       |     1 |       |       ||     1
       Held in net/web   |       |       |     1 |       ||     1
